 Dungeon Crawl Stone Soup version 0.22-a0-398-g8bb545f (webtiles) character file.

1096 MisterFreud the Charmwright (level 8, -5/63 HPs)
             Began as a Gnoll Skald on May 4, 2018.
             Was a Follower of Okawaru.
             Shot with an arrow by a centaur (9 damage)
             ... on level 6 of the Dungeon.
             The game lasted 00:24:26 (5344 turns).

MisterFreud the Charmwright (Gnoll Skald)           Turns: 5344, Time: 00:24:27

Health: -5/63      AC:  5    Str: 14    XL:     8   Next: 31%
Magic:  25/25      EV: 15    Int: 17    God:    Okawaru [*.....]
Gold:   184        SH:  0    Dex: 15    Spells: 7/18 levels left

rFire    . . .     SeeInvis .   r - +1 mace (crush)
rCold    . . .     Gourm    .   (no shield)
rNeg     . . .     Faith    .   b - +0 leather armour
rPois    .         Spirit   .   (no helmet)
rElec    .         Reflect  .   (no cloak)
rCorr    .         Harm     .   (no gloves)
MR       .....                  s - +1 pair of boots
Stlth    ++........             x - amulet of magic regeneration
HPRegen  0.20/turn              k - ring of magical power
MPRegen  0.44/turn              p - ring of flight

@: no status effects
A: distributed training, fangs 1, strong nose
a: Heroism, Renounce Religion, Evoke Flight


You were on level 6 of the Dungeon.
You worshipped Okawaru.
Okawaru was aware of your devotion.
You were not hungry.

You visited 2 branches of the dungeon, and saw 7 of its levels.

You collected 184 gold pieces.

Inventory:

Hand Weapons
 a - a +0 spear
 g - a +0 hunting sling
 r - a +1 mace of crushing (weapon)
 z - a +0 falchion of holy wrath
Missiles
 c - 97 arrows
 h - 14 poisoned needles
 j - 84 stones (quivered)
 l - 41 bolts
 u - 2 tomahawks
 v - 4 needles of sleeping
 C - 25 sling bullets
Armour
 b - a +0 leather armour (worn)
 s - a +1 pair of boots (worn)
Jewellery
 k - a ring of magical power (left hand)
 p - a ring of flight (right hand)
 x - an amulet of magic regeneration (around neck)
Wands
 q - a wand of digging (11)
 B - a wand of enslavement (8)
Scrolls
 n - a scroll of amnesia
 w - 2 scrolls of remove curse
Potions
 f - a potion of curing
 i - a potion of resistance
 m - a potion of brilliance
 o - 3 potions of might
Comestibles
 d - 8 rations
 t - 8 chunks of flesh


   Skills:
 + Level 5.6 Fighting
 + Level 3.1 Short Blades
 + Level 3.1 Long Blades
 + Level 3.1 Axes
 + Level 3.1 Maces & Flails
 + Level 5.6 Polearms
 + Level 3.1 Staves
 + Level 3.1 Slings
 + Level 3.1 Bows
 + Level 3.1 Crossbows
 + Level 3.1 Throwing
 + Level 4.1 Armour
 + Level 5.6 Dodging
 + Level 3.1 Stealth
 + Level 3.1 Shields
 + Level 3.1 Unarmed Combat
 + Level 5.9 Spellcasting
 + Level 2.5 Conjurations
 + Level 2.5 Hexes
 + Level 6.0 Charms
 + Level 2.5 Summonings
 + Level 2.5 Necromancy
 + Level 2.5 Translocations
 + Level 2.5 Transmutations
 + Level 2.5 Fire Magic
 + Level 2.5 Ice Magic
 + Level 2.5 Air Magic
 + Level 2.5 Earth Magic
 + Level 2.5 Poison Magic
 + Level 3.4 Invocations
 + Level 3.1 Evocations


You had 7 spell levels left.
You knew the following spells:

 Your Spells              Type           Power        Failure   Level  Hunger
a - Infusion              Chrm           ####         1%          1    None
b - Song of Slaying       Chrm           ####....     1%          2    None
c - Shroud of Golubria    Chrm/Tloc      ###.......   4%          2    None
d - Regeneration          Chrm/Necr      ###.......   9%          3    ##.....
e - Spectral Weapon       Hex/Chrm       ###.....     9%          3    ##.....


Dungeon Overview and Level Annotations

Branches:
Dungeon (6/15)             Temple (1/1) D:4

Altars:
Ashenzari
Cheibriados
Dithmenos
Elyvilon
Gozag
Kikubaaqudgha
Makhleb
Nemelex Xobeh
Okawaru
Qazlal
Ru
Trog
Vehumet
Wu Jian
Yredelemnul
Zin
The Shining One

Shops:
D:4 (

Annotations:
D:5 zero's ghost, novice TrEE
D:6 Dowan; Duvessa


Innate Abilities, Weirdness & Mutations

Your experience applies equally to all skills.
You have very sharp teeth.
Your uncanny sense of smell can sniff out nearby items.


Message History

* * * LOW HITPOINT WARNING * * *
You see here an arrow.
The centaur shoots an arrow.
The arrow closely misses you.
The centaur shoots an arrow.
The arrow misses you.
The centaur shoots an arrow.
The arrow hits you.
* * * LOW HITPOINT WARNING * * *
You see here an arrow.
You feel much better. Duvessa hits you with a short sword.
The centaur shoots an arrow.
The arrow hits you!
The centaur shoots an arrow.
The arrow hits you.
Things that are here:
an arrow; a quokka skeleton Unknown command.
The centaur shoots an arrow.
The arrow hits you!
* * * LOW HITPOINT WARNING * * *
You see here an arrow.
The centaur shoots an arrow.
The arrow hits you!
* * * LOW HITPOINT WARNING * * *
The centaur shoots an arrow.
The arrow hits you!
You die...

#..##.###...###.#
#.#
##..##...........#
#.#
.................#
#.#
##..#............#
#.#
##..#..###...###.#
#.##### .......#
#...# #.# #.....#
.......###..o###.#
#####.#
..........(.ec.(.#
#.#
.....(...((#####@#
#.# .........### #.#
#<# #####...## #.#
#.# # ##.## ##.###
#.# # ### #.#..# #.#
# ##.#.# #.# #
######.# ########.#
####### #......#
#.......>#
..co.O#######......#
#.########


You could see Duvessa, a centaur and an orc.

Vanquished Creatures
  Menkaure (D:6)
  An orc warrior (D:6)
  A centaur (D:6)
  An ogre (D:6)
  A scorpion (D:4)
  A howler monkey (D:6)
  A jelly (D:5)
  3 orc priests
  A bullfrog zombie (D:6)
  3 hounds
  2 iguanas
  4 orc wizards
  2 hound skeletons (D:6)
  A howler monkey zombie (D:4)
  4 adders
  4 gnolls (D:3)
  An ooze (D:3)
  2 worms
  3 dart slugs
  7 leopard geckos
  16 orcs
  4 giant cockroaches
  12 goblins
  8 hobgoblins
  4 jackals
  4 kobolds
  5 quokkas
  3 ball pythons
  2 bats
  3 frilled lizards
  A leopard gecko skeleton (D:5)
  A quokka skeleton (D:5)
  5 rats
112 creatures vanquished.

Vanquished Creatures (others)
  2 spectral weapons
2 creatures vanquished.

Grand Total: 114 creatures vanquished

Notes
Turn   | Place    | Note
-------+----------+-------------------------------------------
     0 | D:1      | MisterFreud the Gnoll Skald began the quest for the Orb.
     0 | D:1      | Reached XP level 1. HP: 20/20 MP: 6/6
   391 | D:1      | Reached XP level 2. HP: 26/26 MP: 4/7
   395 | D:1      | Learned a level 2 spell: Song of Slaying
   398 | D:1      | Learned a level 2 spell: Shroud of Golubria
  1104 | D:2      | Found a sacrificial altar of Ru.
  1127 | D:2      | Reached XP level 3. HP: 17/31 MP: 9/9
  1384 | D:2      | Reached skill level 5 in Spellcasting
  1478 | D:2      | Reached skill level 1 in Invocations
  1575 | D:2      | Found a sparkling altar of Nemelex Xobeh.
  1717 | D:2      | Found a glowing silver altar of Zin.
  1717 | D:2      | Noticed an angel
  1936 | D:3      | Reached skill level 1 in Short Blades
  1936 | D:3      | Reached skill level 1 in Long Blades
  1936 | D:3      | Reached skill level 1 in Axes
  1936 | D:3      | Reached skill level 1 in Maces & Flails
  1936 | D:3      | Reached skill level 1 in Staves
  1936 | D:3      | Reached skill level 1 in Slings
  1936 | D:3      | Reached skill level 1 in Bows
  1936 | D:3      | Reached skill level 1 in Crossbows
  1936 | D:3      | Reached skill level 1 in Throwing
  1936 | D:3      | Reached skill level 1 in Stealth
  1936 | D:3      | Reached skill level 1 in Shields
  1936 | D:3      | Reached skill level 1 in Unarmed Combat
  1936 | D:3      | Reached skill level 1 in Evocations
  1948 | D:3      | Reached XP level 4. HP: 36/38 MP: 11/11
  1973 | D:3      | Learned a level 3 spell: Regeneration
  1977 | D:3      | Learned a level 3 spell: Spectral Weapon
  2083 | D:3      | Reached skill level 1 in Conjurations
  2083 | D:3      | Reached skill level 1 in Hexes
  2083 | D:3      | Reached skill level 1 in Summonings
  2083 | D:3      | Reached skill level 1 in Necromancy
  2083 | D:3      | Reached skill level 1 in Translocations
  2083 | D:3      | Reached skill level 1 in Transmutations
  2083 | D:3      | Reached skill level 1 in Fire Magic
  2083 | D:3      | Reached skill level 1 in Ice Magic
  2083 | D:3      | Reached skill level 1 in Air Magic
  2083 | D:3      | Reached skill level 1 in Earth Magic
  2083 | D:3      | Reached skill level 1 in Poison Magic
  2105 | D:3      | Reached XP level 5. HP: 28/43 MP: 12/12
  3007 | D:4      | Found a staircase to the Ecumenical Temple.
  3015 | D:4      | Reached XP level 6. HP: 50/50 MP: 13/13
  3020 | Temple   | Entered the Ecumenical Temple
  3060 | Temple   | Became a worshipper of Warmaster Okawaru
  3401 | D:4      | Reached skill level 5 in Fighting
  3401 | D:4      | Reached skill level 5 in Polearms
  3401 | D:4      | Reached skill level 5 in Dodging
  3417 | D:4      | Found Jieceir's Weapon Boutique.
  3481 | D:3      | Found a burning altar of Makhleb.
  3690 | D:4      | Reached XP level 7. HP: 48/56 MP: 15/15
  3925 | D:5      | Entered Level 5 of the Dungeon
  4074 | D:5      | Noticed zero's ghost (novice TrEE)
  4080 | D:5      | Noticed a yak
  4081 | D:5      | Noticed a yak
  4081 | D:5      | Noticed a yak
  4083 | D:5      | Noticed a yak
  4083 | D:5      | Noticed a yak
  5117 | D:6      | Noticed Menkaure
  5125 | D:6      | Killed Menkaure
  5128 | D:6      | Reached XP level 8. HP: 61/63 MP: 16/16
  5129 | D:6      | Reached * piety under Okawaru
  5129 | D:6      | Reached skill level 6 in Charms
  5307 | D:6      | Noticed Duvessa
  5310 | D:6      | Noticed Dowan
  5344 | D:6      | Shot with an arrow by a centaur

Vault maps used:
D:1:      dpeg_arrival_tiny_g
D:2:      nicolae_ru_awakened_eye, marbit_many_paths, zin_angel, first_ration
D:3:      nicolae_overflow_hidden_temple, kennysheep_potato
D:4:      minmay_temple_entry_fiery, serial_shops, nicolae_shop_waterfront
D:5:      basic_altar
D:6:      grunt_decor_resistance, minmay_misc_feat_alley,
          minmay_misc_feat_cross, nemelex_lonely_heart_becter, uniq_pikel,
          uniq_duvessa, uniq_menkaure
Temple:   cyrus_circular_temple

Skill      XL: |  1  2  3  4  5  6  7  8 |
---------------+-------------------------+-----
Spellcasting   | 5 |  5.9
Invocations    | 1 2 3 |  3.4
Short Blades   | 1 2 3 |  3.1
Long Blades    | 1 2 3 |  3.1
Axes           | 1 2 3 |  3.1
Maces & Flails | 1 2 3 |  3.1
Staves         | 1 2 3 |  3.1
Slings         | 1 2 3 |  3.1
Bows           | 1 2 3 |  3.1
Crossbows      | 1 2 3 |  3.1
Throwing       | 1 2 3 |  3.1
Stealth        | 1 2 3 |  3.1
Shields        | 1 2 3 |  3.1
Unarmed Combat | 1 2 3 |  3.1
Evocations     | 1 2 3 |  3.1
Conjurations   | 1 2 |  2.5
Hexes          | 1 2 |  2.5
Summonings     | 1 2 |  2.5
Necromancy     | 1 2 |  2.5
Translocations | 1 2 |  2.5
Transmutations | 1 2 |  2.5
Fire Magic     | 1 2 |  2.5
Ice Magic      | 1 2 |  2.5
Air Magic      | 1 2 |  2.5
Earth Magic    | 1 2 |  2.5
Poison Magic   | 1 2 |  2.5
Armour         | 3 4 |  4.1
Fighting       | 5 |  5.6
Polearms       | 5 |  5.6
Dodging        | 5 |  5.6
Charms         | 6 |  6.0

Action                   |  1- 3 |  4- 6 |  7- 9 || total
-------------------------+-------+-------+-------++-------
Melee: Spear             |    97 |   198 |    65 ||   360
       Bite              |     5 |    16 |    11 ||    32
       Punch             |       |     3 |       ||     3
       Mace              |       |       |    56 ||    56
 Cast: Infusion          |    15 |    11 |     6 ||    32
       Shroud of Golubri |    17 |    18 |    11 ||    46
       Song of Slaying   |       |     3 |       ||     3
       Spectral Weapon   |       |     2 |     5 ||     7
       Regeneration      |       |     2 |       ||     2
Evoke: Wand              |       |       |     4 ||     4
  Use: Scroll            |     5 |     2 |     4 ||    11
       Potion            |       |       |     5 ||     5
 Stab: Sleeping          |     2 |     1 |     4 ||     7
       Distracted        |     1 |     1 |     1 ||     3
  Eat: Chunk             |     3 |     7 |     2 ||    12
       Ration            |       |       |     1 ||     1
Armor: Leather armour    |    15 |    34 |    22 ||    71
Dodge: Dodged            |    47 |    91 |   103 ||   241

Table legend:
 A = Spawn XP
 B = Non-spawn XP
 C = Spawn XP percentage of total XP
 D = Spawn monster count
 E = Non-spawn monster count
 F = Spawn count percentage of total count
 G = Total turns spent on level
                    A         B        C        D         E        F      G
               +---------+---------+-------+---------+---------+-------+---------
         Total |       0 |    1566 |   0.0 |       0 |     112 |   0.0 |  5344
               +---------+---------+-------+---------+---------+-------+---------
           D:1 |       0 |      26 |   0.0 |       0 |      14 |   0.0 |  1060
           D:2 |       0 |      43 |   0.0 |       0 |      17 |   0.0 |   863
           D:3 |       0 |     244 |   0.0 |       0 |      31 |   0.0 |  1200
           D:4 |       0 |     335 |   0.0 |       0 |      22 |   0.0 |  1343
           D:5 |       0 |     196 |   0.0 |       0 |      14 |   0.0 |   447
           D:6 |       0 |     722 |   0.0 |       0 |      14 |   0.0 |   381
               +---------+---------+-------+---------+---------+-------+---------
